cohdb
Replays
Latest Replays
All Replays
Popular Replays
Top Player Replays
Match Explorer
How It Works
Community
CoH3 Stats
Reddit
Sign in to upload your games and track your stats! →
Sign in with Steam
Match 42517189
Unlisted
Match 42517189
Overview
Messages
Build Orders
End
Kradschützen Motorcycle Team
Panzergrenadier Squad
Panzergrenadier Squad
Panzergrenadier Squad
Construct Light Support Kompanie
Panzerjäger Squad
Fire Support Elements
Assault Mechanized Group
Flakvierling Half-track
Vehicle Survival Package
Selects Armored Support Battlegroup
Selects Veteran Gunners
Combat Half-tracks
Construct Mechanized Kompanie
Selects Flammpanzer III Medium Tank
StuG III D Assault Gun
StuG III D Assault Gun
Selects Salvage Kits
Kradschützen Motorcycle Team
Selects Command Panzer IV F Medium Tank
Flammpanzer III Medium Tank
Marder III Tank Destroyer
Marder III Tank Destroyer
(502) Bad Gateway
Frosty
0
0
Comments
sign in to comment!
No comments posted yet!